 Dungeon Crawl Stone Soup version 0.31.0-12-g77e489cdc1 (webtiles) character file.

Game seed: 252387140579459667

47 maxim the Grave Robber (level 3, -2/16 HPs)
             Began as a Vampire Necromancer on Feb 14, 2024.
             Shot with a sling bullet by a goblin (9 damage)
             ... on level 2 of the Dungeon.
             The game lasted 00:22:23 (1052 turns).

maxim the Grave Robber (Vampire Necromancer)        Turns: 1052, Time: 00:22:23

Health: -2/16      AC:  2    Str:  7    XL:     3   Next: 48%
Magic:  4/6        EV: 13    Int: 17    God:
Gold:   73         SH:  0    Dex: 16    Spells: 5/6 levels left

rFire   . . .        d - +0 short sword
rCold   + + .        (no shield)
rNeg    + + +        a - +0 robe
rPois   ∞            (no helmet)
rElec   .            (no cloak)
rCorr   .            (no gloves)
SInv    +            (no boots)
Will    +....        (no amulet)
Stlth   +++++        c - ring of see invisible
HPRegen 0.00/turn    h - ring of willpower
MPRegen 0.10/turn

%: no passive effects
@: bloodless, inhibited regen
A: bloodless, fangs 3, see invisible, vampiric 2, [frail 1]
a: Bat Form, Revivify


You were on level 2 of the Dungeon.
You visited 1 branch of the dungeon, and saw 2 of its levels.

You collected 73 gold pieces.

Inventory:

Hand Weapons
 d - a +0 short sword (weapon)
Missiles
 e - 6 boomerangs
 g - 4 stones
 k - 3 curare-tipped darts
Armour
 a - a +0 robe (worn)
 j - a +0 scale mail
Jewellery
 c - a ring of see invisible (left hand)
 h - a ring of willpower (right hand)
Scrolls
 f - 2 scrolls of blinking
Potions
 b - a potion of magic
 i - 2 potions of haste {unknown}


   Skills:
 * Level 2.7 Dodging
 + Level 4.2 Stealth
 + Level 2.3 Spellcasting
 * Level 4.9 Necromancy


You had 5 spell levels left.
You knew the following spells:

 Your Spells              Type           Power      Damage    Failure   Level
a - Necrotise             Necr           72%        1d7       2%          1

Your spell library contained the following spells:

 Spells                   Type           Power      Damage    Failure   Level
 Vampiric Draining        Necr           18%        2d7       8%          3
 Animate Dead             Necr           18%        N/A       24%         4
 Lesser Beckoning         Tloc           2%         N/A       28%         2
 Gell's Gravitas          Tloc           1%         N/A       50%         3
 Teleport Other           Tloc           1%         N/A       50%         3
 Curse of Agony           Necr           18%        N/A       56%         5


Dungeon Overview and Level Annotations

Branches:
Dungeon (2/15)

Altars:


Innate Abilities, Weirdness & Mutations

You do not regenerate when monsters are visible.
You are frail without blood (-20% HP).
You can heal yourself when you bite living creatures.
You are immune to poison.
You have razor-sharp teeth.
You have supernaturally acute eyesight. (SInv)
You are afflicted with vampirism and can become a bat while bloodless.
[You are frail. (-10% HP)]


Message History

Found 11 gold pieces.
You see here a +0 ring mail.
A bat comes into view.
Found a stone staircase leading down.
Found a stone staircase leading down.
You see here 11 gold pieces.
You now have 73 gold pieces (gained 11).
A dart slug comes into view.
Found 7 gold pieces.
The helpless bat fails to defend itself.
You bite the bat, and draw its blood! You puncture the bat!
You kill the bat!
The dart slug launches a dart at you. The slug dart misses you.
Aiming: Necrotise (safe; 2% risk of failure)
Press: ? - help, Q - select action, (/) - cycle Shift-Dir - straight line, f - dart slug
Aim: a dart slug (chance to affect: 88%)
The dart slug writhes in agony.
The dart slug launches a dart at you. The slug dart hits you.
Aiming: Necrotise (safe; 2% risk of failure)
Press: ? - help, Q - select action, (/) - cycle Shift-Dir - straight line, f/p - dart slug
Aim: a dart slug (heavily wounded, chance to affect: 88%)
The dart slug writhes in agony.
The dart slug launches a dart at you. The slug dart hits you.
A goblin comes into view. It is wielding a +0 dagger.
Aiming: Necrotise (safe; 2% risk of failure)
Press: ? - help, Q - select action, (/) - cycle Shift-Dir - straight line, f/p - dart slug
Aim: a dart slug (severely wounded, chance to affect: 88%)
The dart slug writhes in agony.
You kill the dart slug!
The goblin unwields a +0 dagger.
The goblin wields a +2 heavy sling.
The goblin shoots a sling bullet.
The sling bullet closely misses you.
You hear a loud squeak.
A goblin is nearby!
The goblin shoots a sling bullet.
The sling bullet hits you.
The goblin shoots a sling bullet.
The sling bullet hits you!
Ouch! That really hurt!
You die...

........#.# #.##.#
#.#.###[#.# #.##.#
#.#.# #.#.# #.##.#
#.#.# #.#.# #.##.#
#g#$###.#.#
#.##.#####.
.#####....##.#.#
#.........#
...............##
####.#####.
#####....>.....####
#.# #....>#@.......
...
##...##....#########
########.####
.........#
##########


You could see a goblin.

Vanquished Creatures
  An adder (D:1)
  2 dart slugs
  7 endoplasms
  2 giant cockroaches (D:1)
  2 hobgoblins
  4 jackals (D:1)
  3 quokkas (D:2)
  A ball python (D:2)
  A bat (D:2)
  3 frilled lizards
  A kobold (D:1)
  3 rats
30 creatures vanquished.

Vanquished Creatures (collateral kills)
  A ball python (D:1)
1 creature vanquished.

Grand Total: 31 creatures vanquished

Notes
Turn   | Place    | Note
-------+----------+-------------------------------------------
     0 | D:1      | maxim the Vampire Necromancer began the quest for the Orb.
     0 | D:1      | Reached XP level 1. HP: 13/13 MP: 3/3
     6 | D:1      | Noticed a wolf
     6 | D:1      | Noticed a brain worm
     6 | D:1      | Noticed a black mamba
     6 | D:1      | Noticed a black bear
   286 | D:1      | Reached XP level 2. HP: 15/15 MP: 1/5
   692 | D:1      | Gained mutation: You are afflicted with vampirism and can
                  | become a bat while bloodless. [Vampire growth]
   692 | D:1      | Reached XP level 3. HP: 9/21 MP: 0/6
  1052 | D:2      | Shot with a sling bullet by a goblin

Illustrated notes

Levels and vault maps discovered:
D:1:      onia_arrival_zoo_common, layout_basic
D:2:      layout_loops_ring, grunt_ministairs_14

Skill      XL: |  1  2 |
---------------+-------+-----
Stealth        | 4 |  4.2
Dodging        | |  2.7
Spellcasting   | |  2.3
Necromancy     | |  4.9

Action                     || total
---------------------------++-------
  Melee: Short sword       ||    33
         Unarmed           ||     4
         Bite              ||     3
  Throw: Boomerang         ||     3
         Stone             ||     6
   Cast: Necrotise         ||    35
Ability: Exsanguinate      ||     2
         Revivify          ||     1
    Use: Scroll            ||     3
   Stab: Sleeping          ||     8
 Armour: Robe              ||    27
  Dodge: Dodged            ||    23
